 Dungeon Crawl Stone Soup version 0.27.1-35-g4d5d836560 (console) character file.

Game seed: 3858484043120342256

18774 grimtooth the Magus (level 12, -3/100 (114) HPs)
             Began as a Deep Dwarf Necromancer on Sept 22, 2022.
             Was an Elder of Nemelex Xobeh.
             Slain by a komodo dragon (23 damage)
             ... on level 3 of the Lair of Beasts on Sept 23, 2022.
             The game lasted 02:48:05 (20366 turns).

grimtooth the Magus (Deep Dwarf Necromancer)       Turns: 20366, Time: 02:48:06

HP:   -3/100 (114)  AC:  8    Str: 14    XL:     12   Next: 30%
MP:   3/10          EV: 15    Int: 23    God:    Nemelex Xobeh [****..]
Gold: 386           SH:  0    Dex: 13    Spells: 14/23 levels left

rFire    + . .     SeeInvis .   a - +5 flail {vorpal, rF+ Int+4}
rCold    . . .     Faith    .   (no shield)
rNeg     + . .     Spirit   .   s - +2 ring mail {rN+}
rPois    +         Reflect  .   k - +0 helmet
rElec    .         Harm     .   j - scarf {+Inv}
rCorr    .         Rampage  .   (no gloves)
Will     ++...                  (no boots)
Stlth    ++........             L - amulet of the acrobat
HPRegen  0.00/turn              U - ring of poison resistance
MPRegen  0.12/turn              I - +4 ring of evasion

@: elixired, heavily drained
A: damage resistance, heal wounds, sense surroundings 2, no regeneration,
strong-willed 1, MP-powered wands
a: Heal Wounds, Renounce Religion, Evoke Invisibility, Draw Escape, Draw
Destruction, Draw Summoning, Triple Draw, Deal Four


You were on level 3 of the Lair of Beasts.
You worshipped Nemelex Xobeh.
Nemelex Xobeh was greatly pleased with you.
You visited 3 branches of the dungeon, and saw 16 of its levels.
You also visited: Bailey and Ice Cave.

You collected 873 gold pieces.
You spent 487 gold pieces at shops.

Inventory:

Hand Weapons
 a - the +5 flail of the Thirteen Spirits (weapon) {vorpal, rF+ Int+4}
   (You bought it in a shop on level 2 of the Dungeon)

   It inflicts extra damage upon your enemies.
   Int:       It affects your intelligence (+4).
   rF:        It protects you from fire.
 b - a +0 hunting sling
 e - a +2 hand axe of venom
 i - a +3 dire flail
 t - a +1 hand axe of flaming
Missiles
 x - 3 atropa-tipped darts
 y - 42 sling bullets
 z - 9 boomerangs
 E - 20 poisoned darts (quivered)
 S - 3 throwing nets {=f}
Armour
 j - a scarf of invisibility (worn)
 k - a +0 helmet (worn)
 s - a +2 ring mail of positive energy (worn)
Jewellery
 c - a ring of protection from fire
 r - an amulet of faith
 I - a +4 ring of evasion (right hand)
 L - an amulet of the acrobat (around neck)
 U - a ring of poison resistance (left hand)
Wands
 A - a wand of acid (3)
 F - a wand of flame (37)
 H - a wand of paralysis (3)
 K - a wand of mindburst (8)
Scrolls
 d - a scroll of silence {unknown}
 h - a scroll of holy word {unknown}
 u - 2 scrolls of enchant weapon {unknown}
 v - 3 scrolls of fog {unknown}
 w - a scroll of brand weapon {unknown}
 R - a scroll of teleportation
 V - a scroll of amnesia {unknown}
 W - a scroll of torment {unknown}
 X - a scroll of vulnerability {unknown}
Potions
 f - 5 potions of lignification {unknown}
 l - a potion of haste
 n - a potion of ambrosia {unknown}
 o - 2 potions of resistance
 q - 4 potions of flight {unknown}
 B - 6 potions of curing
 D - 4 potions of brilliance


   Skills:
 - Level 9.0 Fighting
 * Level 4.1 Maces & Flails
 + Level 1.4 Armour
 - Level 2.1 Dodging
 - Level 6.0 Stealth
 - Level 6.0 Spellcasting
 - Level 12.0 Necromancy
 - Level 12.0 Invocations
 - Level 9.0 Evocations


You had 14 spell levels left.
You knew the following spells:

 Your Spells              Type           Power      Damage    Failure   Level
a - Vampiric Draining     Necr           29%        2d10      1%          3
b - Pain                  Necr           100%       1d9       1%          1
c - Agony                 Necr           58%        N/A       3%          5

Your spell library contained the following spells:

 Spells                   Type           Power      Damage    Failure   Level
 Animate Skeleton         Necr           100%       N/A       1%          1
 Animate Dead             Necr           29%        N/A       1%          4
 Dispel Undead            Necr           58%        3d21      1%          4
 Magic Dart               Conj           24%        1d4       17%         1
 Sting                    Tmut/Pois      24%        1d4       17%         1
 Poisonous Vapours        Pois/Air       12%        N/A       26%         2
 Searing Ray              Conj           12%        3d3       26%         2
 Static Discharge         Conj/Air       6%         N/A       26%         2
 Dazzling Flash           Conj/Hex       12%        N/A       45%         3
 Ignite Poison            Fire/Tmut/Pois 6%         N/A       45%         3
 Mephitic Cloud           Conj/Pois/Air  6%         N/A       45%         3
 Ozocubu's Armour         Ice            6%         N/A       45%         3
 Fulminant Prism          Conj/Hex       3%         3d6       86%         4
 Olgreb's Toxic Radiance  Pois           6%         N/A       86%         4
 Sticky Flame             Conj/Fire      6%         2d3       86%         4
 Summon Ice Beast         Ice/Summ       6%         N/A       86%         4
 Bolt of Magma            Conj/Fire/Erth 3%         4d5       99%         5
 Silence                  Hex/Air        3%         N/A       99%         5
 Summon Mana Viper        Hex/Summ       6%         N/A       99%         5
 Monstrous Menagerie      Summ           3%         N/A       100%        7
 Ozocubu's Refrigeration  Ice            3%         4d5       100%        7


Dungeon Overview and Level Annotations

Branches:
Dungeon (12/15)            Temple (1/1) D:5            Lair (3/6) D:9
 Shoals (0/4) Lair:3       Spider (0/4) Lair:3          Orc (0/2) D:9
 Bailey (visited)           IceCv (visited)

Altars:
Ashenzari
Cheibriados
Dithmenos
Elyvilon
Fedhas
Gozag
Hepliaklqana
Kikubaaqudgha
Makhleb
Nemelex Xobeh
Okawaru
Qazlal
Ru
Sif Muna
Trog
Uskayaw
Vehumet
Wu Jian
Xom
Yredelemnul
Zin
The Shining One

Shops:
D:1 [   D:2 ((:!:   D:5 [

Annotations:
D:6 Maggie
D:7 3 runed translucent doors, grimtooth's ghost, novice GrIE
D:9 3 runed translucent doors, lazarouslive's ghost, novice GrEE
D:10 exclusion: door
D:11 exclusions: 2 gargoyles and ugly thing
D:12 3 runed translucent doors, Dormantt's ghost, journeyman DEFE
Lair:1 1 runed translucent door, exclusion: oklob plant, pkoi's ghost, journeyman DgCj


Innate Abilities, Weirdness & Mutations

You are resistant to damage.
You can heal yourself by infusing magical energy.
You passively map the area around you.
You do not regenerate.
You are strong-willed. (Will+)
You expend magic power (3 MP) to strengthen your wands.


Message History

You hold your ground!
The elephant closely misses you.
Casting: Vampiric Draining (safe; 1% risk of failure)
Confirm with . or Enter, or press ? or * to list all spells.
Aiming: Vampiric Draining (safe; 1% risk of failure)
Press: ? - help, Shift-Dir - straight line, f/p - elephant
Aim: an elephant (moderately wounded)
You draw life force from the elephant!
You feel life coursing into your body. The yak completely misses you.
The elephant barely misses you. The elephant misses you.
The elephant barely misses you.
The elephant trunk-slaps you but does no damage.
The elephant tramples you but does no damage.
The elephant barely misses you.
The komodo dragon completely misses you.
Casting: Vampiric Draining (safe; 1% risk of failure)
Confirm with . or Enter, or press ? or * to list all spells.
Aiming: Vampiric Draining (safe; 1% risk of failure)
Press: ? - help, Shift-Dir - straight line, f/p - elephant
Aim: an elephant (moderately wounded)
You draw life force from the elephant!
You feel life coursing into your body. The yak misses you.
The elephant tramples you!
You hold your ground!
The elephant barely misses you. The elephant tramples you!
You hold your ground!
The elephant trunk-slaps you but does no damage.
The elephant tramples you!
* * * LOW HITPOINT WARNING * * *
You hold your ground!
The elephant trunk-slaps you but does no damage.
The komodo dragon bites you.
You draw a card...
You have drawn the Elixir.
You begin rapidly regenerating health and magic.
The yak misses you. The elephant barely misses you.
The elephant trunk-slaps you but does no damage.
The elephant misses you. The elephant trunk-slaps you.
* * * LOW HITPOINT WARNING * * *
The elephant tramples you!
* * * LOW HITPOINT WARNING * * *
You hold your ground!
The elephant closely misses you. The komodo dragon bites you!!
You die...
Your body glows with a rainbow of weird colours and disappears.

#.................. ≈ ,,
............###≈...≈≈≈ ≈ , ,
#†.##P#.#...# ≈#...≈§ ≈ ≈ ,
########....# #....# ≈ , ##...#
##....* * *, , #....# #...9######
, , , ##†..$# .Y...#...#. ,, ,
#...## #YY..........., #(..##
#@lY............+# **
#....###YY....#.P........ * ## *
#(..###.Y....+..........#
###.#####(...###.....#...#.#.....
...Bs##PP....##......#........>..
#sS.Bl.................#.......
#.s#Y..........................
,##.l#...............<..........
w##w.............................


You could see 3 elephants, a komodo dragon, 4 yaks and a molten gargoyle.

Vanquished Creatures
  2 boulder beetles
  A centaur warrior (D:11)
  Erica (Lair:1)
  4 orc knights
  An ugly thing (D:11)
  Joseph (D:8)
  A gargoyle (D:10)
  An unseen horror (D:10)
  3 cane toads
  2 kobold demonologists (D:11)
  A rime drake (Lair:2)
  A yaktaur (D:11)
  Psyche (D:8)
  5 komodo dragons
  2 trolls
  3 slime creatures (D:7)
  2 wyverns
  2 basilisks
  13 yaks
  A warg (D:11)
  4 water moccasins
  Menkaure (D:6)
  17 orc warriors
  3 black bears
  2 sky beasts (D:6)
  2 ogres
  A necrophage (D:8)
  4 centaurs
  A phantom (D:4)
  Blork the orc (D:5)
  5 kobold brigands
  6 bullfrogs
  A scorpion (Lair:3)
  A two-headed ogre simulacrum (IceCv)
  2 wyvern zombies (D:6)
  A water moccasin zombie (D:6)
  A wight (D:6)
  4 howler monkeys
  4 centaur zombies
  10 orc priests
  A hound (D:7)
  A bullfrog skeleton (D:5)
  2 iguanas
  17 orc wizards
  A spriggan simulacrum (D:11)
  A hound skeleton (D:4)
  3 howler monkey zombies
  4 gnolls (D:4)
  A howler monkey skeleton (D:7)
  4 adders
  3 naga simulacra
  A shadow imp (D:8)
  A white imp (IceCv)
  3 worms
  2 dart slugs (D:1)
  52 orcs
  5 endoplasms
  8 giant cockroaches
  9 goblins
  10 hobgoblins
  2 jackals (D:3)
  4 quokkas
  12 ball pythons
  5 bats
  31 kobolds
  5 rats
307 creatures vanquished.

Vanquished Creatures (collateral kills)
  A yak (Lair:2)
  A bullfrog (Lair:2)
2 creatures vanquished.

Vanquished Creatures (others)
  23 fungi
  30 plants
53 creatures vanquished.

Grand Total: 362 creatures vanquished

Notes
Turn   | Place    | Note
-------+----------+-------------------------------------------
     0 | D:1      | grimtooth the Deep Dwarf Necromancer began the quest for
                  | the Orb.
     0 | D:1      | Reached XP level 1. HP: 15/15 MP: 3/3
   297 | D:1      | Reached XP level 2. HP: 12/24 MP: 1/4
   550 | D:1      | Reached skill level 1 in Fighting
   625 | D:1      | Found Ihypn's Antique Armour Shop.
   635 | D:1      | Reached skill level 5 in Necromancy
  1287 | D:1      | Reached XP level 3. HP: 15/31 MP: 0/5
  1446 | D:2      | Learned a level 3 spell: Vampiric Draining
  1497 | D:2      | Found Johiuwee's Book Shop.
  1818 | D:2      | Found a faded altar of an unknown god.
  1857 | D:2      | Found Oriecwef's Distillery.
  1860 | D:2      | Bought a potion of heal wounds for 70 gold pieces
  1934 | D:2      | Found Japs's Book Shoppe.
  2235 | D:2      | Found Kac Wojai's Antique Weapon Shop.
  2238 | D:2      | Found Xessuor's Antique Weapon Shoppe.
  2655 | D:3      | Reached XP level 4. HP: 37/39 MP: 2/7
  3159 | D:3      | Reached XP level 5. HP: 40/45 MP: 0/8
  3956 | D:4      | Noticed a black bear
  4326 | D:4      | Reached XP level 6. HP: 49/55 MP: 5/9
  5178 | D:5      | Entered Level 5 of the Dungeon
  5257 | D:4      | Reached XP level 7. HP: 41/62 MP: 0/10
  5342 | D:5      | Found a staircase to the Ecumenical Temple.
  5356 | Temple   | Entered the Ecumenical Temple
  5466 | Temple   | Became a worshipper of Nemelex Xobeh the Trickster
  5537 | D:5      | Noticed Blork the orc
  5567 | D:5      | Killed Blork the orc
  5568 | D:5      | Reached skill level 1 in Invocations
  5577 | D:5      | Gained mutation: You are strong-willed. (Will+) [potion of
                  | mutation]
  5577 | D:5      | Gained mutation: You expend magic power (3 MP) to
                  | strengthen your wands. [potion of mutation]
  5578 | D:5      | - fun
  7022 | D:5      | Found Piczuoj's Antique Armour Emporium.
  7090 | D:2      | Bought a potion of curing for 42 gold pieces
  7465 | D:6      | Reached skill level 5 in Invocations
  7615 | D:6      | Reached XP level 8. HP: 30/67 MP: 1/11
  8301 | D:6      | Noticed Menkaure
  8319 | D:6      | Killed Menkaure
  8337 | D:6      | Noticed Maggie
  8572 | D:4      | Reached skill level 5 in Fighting
  8804 | D:7      | Reached * piety under Nemelex Xobeh
  9126 | D:7      | Gained mutation: You passively map the area around you.
                  | [Deep Dwarf growth]
  9126 | D:7      | Reached XP level 9. HP: 72/82 MP: 2/13
  9473 | D:7      | Found a runed translucent gate.
  9473 | D:7      | Found a runed translucent gate.
  9473 | D:7      | Found a runed translucent gate.
  9476 | D:7      | Noticed grimtooth's ghost (novice GrIE)
  9479 | D:7      | Noticed a cyclops
  9710 | D:6      | Reached skill level 10 in Invocations
 10570 | D:8      | Noticed Psyche
 10573 | D:8      | Noticed Joseph
 10575 | D:8      | Killed Psyche
 10576 | D:8      | Reached skill level 1 in Evocations
 10592 | D:8      | Killed Joseph
 10939 | D:8      | Received a gift from Nemelex Xobeh
 11049 | D:8      | Reached XP level 10. HP: 84/91 MP: 5/15
 11300 | D:8      | Found a glowing golden altar of the Shining One.
 11509 | D:9      | Reached ** piety under Nemelex Xobeh
 11732 | D:9      | Found a staircase to the Lair.
 12045 | D:8      | Reached skill level 10 in Necromancy
 12045 | D:8      | Reached skill level 5 in Evocations
 13276 | D:9      | You fall into a shaft and drop 3 floors!
 13303 | D:12     | Found a runed translucent gate.
 13303 | D:12     | Found a runed translucent gate.
 13304 | D:12     | Found a runed translucent gate.
 13304 | D:12     | Noticed a sphinx
 13304 | D:12     | Noticed a cyclops
 13305 | D:12     | Noticed Dormantt's ghost (journeyman DEFE)
 13305 | D:12     | Noticed a cyclops
 13306 | D:12     | Noticed a purple ugly thing
 13318 | D:11     | Noticed a gargoyle
 13328 | D:11     | Noticed a centaur warrior
 13329 | D:11     | Found a radiant altar of Vehumet.
 13329 | D:11     | Noticed a cyan ugly thing
 13358 | D:11     | Killed a centaur warrior
 13420 | D:11     | Killed a cyan ugly thing
 13520 | D:11     | Found a frozen archway.
 13523 | D:11     | - simulacra...
 13559 | D:11     | Noticed an orange demon
 13562 | D:11     | Noticed an orange demon
 13633 | D:11     | Reached XP level 11. HP: 36/97 MP: 2/16
 13709 | IceCv    | Entered an ice cave
 13843 | IceCv    | - ugh i hate bailing but this is notgoing to work
 13901 | D:10     | Entered Level 10 of the Dungeon
 14061 | D:10     | Found a flagged portal.
 14158 | Bailey   | Entered a bailey
 14674 | Bailey   | Noticed an orc knight
 14674 | Bailey   | Noticed an orc knight
 14684 | Bailey   | Noticed an orc knight
 14760 | Bailey   | Learned a level 5 spell: Agony
 14768 | Bailey   | Killed an orc knight
 14817 | Bailey   | Killed an orc knight
 14832 | Bailey   | Killed an orc knight
 15641 | D:9      | Found a runed translucent gate.
 15641 | D:9      | Found a runed translucent gate.
 15641 | D:9      | Found a runed translucent gate.
 15641 | D:9      | Noticed a centaur warrior
 15650 | D:9      | Noticed a centaur warrior
 15652 | D:9      | Noticed lazarouslive's ghost (novice GrEE)
 15694 | D:9      | Reached *** piety under Nemelex Xobeh
 16028 | D:9      | Found a staircase to the Orcish Mines.
 16472 | D:10     | Received a gift from Nemelex Xobeh
 16577 | D:11     | Reached skill level 5 in Stealth
 16758 | D:11     | Noticed a boulder beetle
 16771 | D:11     | Killed a boulder beetle
 16978 | D:11     | Noticed an orc knight
 17036 | D:10     | Killed an orc knight
 17256 | D:11     | Noticed a white ugly thing
 17451 | Lair:1   | Entered Level 1 of the Lair of Beasts
 17451 | Lair:1   | Noticed Erica
 17473 | Lair:1   | Killed Erica
 17474 | Lair:1   | Reached skill level 5 in Spellcasting
 17688 | Lair:1   | Noticed a six-headed hydra
 17874 | D:2      | Bought an encrusted flail for 127 gold pieces
 17874 | D:2      | Identified the +5 flail of the Thirteen Spirits {vorpal,
                  | rF+ Int+4} (You bought it in a shop on level 2 of the
                  | Dungeon)
 17980 | D:5      | Bought a glowing scarf for 248 gold pieces
 18194 | Lair:1   | Reached **** piety under Nemelex Xobeh
 18440 | Lair:2   | Reached XP level 12. HP: 46/112 MP: 0/16
 18602 | Lair:2   | Received a gift from Nemelex Xobeh
 18643 | Lair:3   | Noticed a boulder beetle
 18665 | Lair:3   | Found a hole to the Spider Nest.
 18786 | Lair:3   | Found a staircase to the Shoals.
 18798 | Lair:3   | Identified the -1 helmet of Serendipity {rPois Str-4 Int+3}
 19067 | Lair:3   | Reached skill level 1 in Maces & Flails
 19234 | Lair:3   | Killed a boulder beetle
 19626 | Lair:1   | Reached skill level 1 in Armour
 19891 | Lair:1   | Found a runed translucent door.
 19891 | Lair:1   | Noticed pkoi's ghost (journeyman DgCj)
 20354 | Lair:3   | - oops
 20366 | Lair:3   | Slain by a komodo dragon

Illustrated notes ..##.###.# #........# , .#####..# #..# * #..# * * * #.## *,* #.#####.### * #.(...(.##o## ####.....o{@# * #.##.#(### #. *#.# * #, ## *,* ** , , , * ** , * , * Turn 5578 on D:5: - fun , ..Z.Z.#* ########## ...∩..K .........# .....K., * ,.........# *....... .........# *...K... ,, * .........###...Z... , .........@.#....... * .........#..Z...... , , * ,.........###.....K. * * #######.## #.##### * * #..# ..., #.## *###* #.# ####.# , #....# * * ** Turn 13523 on D:11: - simulacra... * ** , * ,....* .... * ,..... #### ,,,.....#*######..## , ......##..##....## ,, ,......4..........# ⌠......4.....@∩∩..# ........##.......# , ,......######....## , .....* ##..## , .... #### ... * , ,.., ** ,. * ** Turn 13843 on IceCv: - ugh i hate bailing but this is notgoing to work

#.................. ≈ ,,
............###≈...≈≈≈ ≈ , ,
#†.##P#.#...# ≈#...≈≈ ≈ ≈ ,
########....# #....# ≈ , ##...#
##....* * *, , #....# #....######
, , , ##†..$# .....#...#. ,, ,
#...## #YYY.........., #(..##
#@l.............+# **
#....###YYY...#.P........ * ## *
#(..###.Y....+..........#
###.#####(...###.....#...#.#.....
...Bs##PP....##......#........>..
#sS.Bl.................#.......
#.s#Y..........................
,##.l#...............<..........
w##w.............................


Turn 20354 on Lair:3: - oops

Levels and vault maps discovered:
D:1:      dpeg_arrival_leaves_temple_mockup, layout_basic, serial_shops,
          nicolae_shop_overgrown_old_shop
D:2:      layout_basic, serial_shops, shop, shop_fountains, shop, shop,
          nicolae_shop_behind_doors, ebering_ecumenical_altar_petrified
D:3:      layout_loops_corners
D:4:      layout_loops_cross
D:5:      layout_loops_ring, minmay_temple_entry_slanted, serial_shops,
          kennysheep_little_box, uniq_blork_the_orc
D:6:      layout_basic, serial_corexii_hall, corexii_hall_statues_s,
          chequers_hall_statues_corner_a, uniq_maggie, uniq_duvessa,
          uniq_menkaure
D:7:      layout_loops_ring, gammafunk_ghost_split
D:8:      layout_rooms, nicolae_tso_carved_into_rock, nrook_loot_triangle,
          uniq_joseph, uniq_psyche
D:9:      layout_cave_pools, dpeg_oklobed_lair, david_orc_4,
          gammafunk_ghost_split
D:10:     layout_stronghold, enter_bailey_5
D:11:     layout_roguey, portal_ice_cave_entry_ice_simulacra,
          vehumet_altar_wand_db
D:12:     layout_stronghold, gammafunk_ghost_split, grunt_ogre_cave
Temple:   kilobyte_greek_temple
Lair:1:   layout_regular_city, hellmonk_ghost_happy_afterlife,
          minmay_lair_oklob_bushes, serial_bayou_lagoon_a, uniq_erica
Lair:2:   layout_gridlike, chequers_serial_rivers_room_b, pond, uniq_fannar,
          uniq_urug, uniq_gastronok
Lair:3:   layout_chaotic_city, elwin_shoals_entry_rocks,
          nicolae_spider_entry_non_spiders

Skill      XL: |  1  2  3  4  5  6  7  8  9 10 11 12 |
---------------+-------------------------------------+-----
Fighting       | 1 2 3 5 6 8 9 |  9.0
Necromancy     | 5 6 8 9 11 12 | 12.0
Spellcasting   | 2 5 6 |  6.0
Stealth        | 3 6 |  6.0
Invocations    | 5 8 12 | 12.0
Evocations     | 3 9 |  9.0
Maces & Flails | 4 |  4.1
Armour         | 1 |  1.4
Dodging        | |  2.1

Action                   |  1- 3 |  4- 6 |  7- 9 | 10-12 || total
-------------------------+-------+-------+-------+-------++-------
Melee: Unarmed           |       |     1 |       |       ||     1
       Dagger            |       |    24 |   120 |       ||   144
       Hand axe          |       |       |    17 |    58 ||    75
       Dire flail        |       |       |   111 |   218 ||   329
       Flail             |       |       |       |    52 ||    52
 Fire: Hunting sling     |       |    37 |    34 |    47 ||   118
Throw: Stone             |     8 |     5 |       |       ||    13
       Dart              |    45 |    46 |    24 |   201 ||   316
       Boomerang         |       |       |       |    13 ||    13
 Cast: Pain              |    53 |    25 |     1 |     7 ||    86
       Vampiric Draining |     5 |    35 |    99 |   200 ||   339
Invok: Draw Destruction  |       |       |       |     4 ||     4
       Draw Escape       |       |       |       |     4 ||     4
       Draw Summoning    |       |       |       |     1 ||     1
 Abil: Heal Wounds       |       |       |    22 |    26 ||    48
Evoke: Wand              |       |       |     5 |    28 ||    33
  Use: Potion            |       |     1 |     3 |       ||     4
       Scroll            |       |       |     3 |     8 ||    11
 Stab: Paralysed         |       |       |       |    30 ||    30
       Sleeping          |       |       |       |     2 ||     2
Armor: Robe              |     6 |     8 |    29 |       ||    43
       Ring mail         |       |       |    56 |   227 ||   283
Dodge: Dodged            |    11 |    50 |   224 |   738 ||  1023
